 Dungeon Crawl Stone Soup version 0.21-a0-361-g4efd3f9 (webtiles) character file.

546 nikopol the Poker (level 7, 0/60 HPs)
             Began as a Hill Orc Fighter on Oct 13, 2017.
             Killed from afar by an orc wizard (4 damage)
             ... with a puff of flame
             ... on level 4 of the Dungeon.
             The game lasted 00:06:14 (2429 turns).

nikopol the Poker (Hill Orc Fighter)                Turns: 2429, Time: 00:06:14

Health: 0/60       AC:  7    Str: 21    XL:     7   Next: 28%
Magic:  7/7        EV:  8    Int:  8    God:
Gold:   216        SH: 10    Dex: 10    Spells: 6/6 levels left

rFire    . . .     SeeInvis .   a - +0 trident
rCold    . . .     Gourm    .   c - +0 shield
rNeg     . . .     Faith    .   b - +0 scale mail
rPois    .         Spirit   .   (no helmet)
rElec    .         Reflect  .   (no cloak)
rCorr    .         Harm     .   (no gloves)
MR       +....                  (no boots)
Stlth    ..........             (no amulet)
HPRegen  0.20/turn              l - ring of protection from magic
MPRegen  0.10/turn              (no ring)

@: no status effects
A: no striking features
a: no special abilities


You were on level 4 of the Dungeon.
You were hungry.

You visited 1 branch of the dungeon, and saw 4 of its levels.

You collected 216 gold pieces.

Inventory:

Hand Weapons
 a - a +0 trident (weapon)
Armour
 b - a +0 scale mail (worn)
 c - a +0 shield (worn)
Jewellery
 l - a ring of protection from magic (left hand)
 w - an uncursed amulet of rage {unknown}
Wands
 r - a wand of digging (12/24)
Scrolls
 d - a scroll of amnesia {unknown}
 e - 5 scrolls of remove curse {unknown}
 h - a scroll of enchant weapon {unknown}
 k - a scroll of fear {unknown}
 m - 2 scrolls of fog {unknown}
 q - a scroll of blinking {unknown}
 x - a scroll of identify {unknown}
Potions
 g - a potion of lignification {unknown}
 i - a potion of agility {unknown}
 n - 2 potions of invisibility {unknown}
 o - a potion of brilliance {unknown}
 p - 2 potions of degeneration {unknown}
 s - a potion of resistance {unknown}
 t - a potion of ambrosia {unknown}
 u - a potion of heal wounds {unknown}
 v - a potion of flight {unknown}
Comestibles
 f - 4 bread rations
 j - 2 meat rations


   Skills:
 + Level 4.8 Fighting
 + Level 5.3 Polearms
 + Level 4.9 Armour
 + Level 1.6 Dodging
 + Level 5.0 Shields


You had 6 spell levels left.
You didn't know any spells.

Dungeon Overview and Level Annotations

Branches:
Dungeon (4/15)
 Temple: D:4-7

Altars:
Makhleb
Sif Muna


Message History

Aim: an orc, wielding a trident and wearing a leather armour You reach to attack!
You puncture the orc!
You kill the orc!
Something hits you but does no damage.
You hear some strange, mumbled words.
A puff of frost appears from out of thin air!
The puff of frost hits you!
* * * LOW HITPOINT WARNING * * *
A magic dart appears from out of thin air!
The magic dart hits you!
* * * LOW HITPOINT WARNING * * *
A magic dart appears from out of thin air!
The magic dart hits you!
* * * LOW HITPOINT WARNING * * *
A puff of flame appears from out of thin air!
The puff of flame hits you!
* * * LOW HITPOINT WARNING * * *
A puff of flame appears from out of thin air!
The puff of flame hits you!
You die...

#...... .## ##.###.# #
..# #.# ####. #.#
##'## .....##o###.#
##...## #...).....#
##.....## #####o#####
##.......## ##.##.#
###.........####...#o#
............'...@....#
##..........####...#.#
####.......## ##.##.#
# ##.....## ####.# #
##...## #.# # ##+##
#.# # #.# # .#


You could see an orc.

Vanquished Creatures
  Sigmund (D:3)
  Purgy (D:3)
  A centaur zombie (D:3)
  A bullfrog zombie (D:3)
  Terence (D:2)
  Jessica (D:3)
  A gnoll (D:1)
  8 adders
  3 worms (D:2)
  3 dart slugs
  3 leopard geckos
  2 orcs (D:4)
  2 ball pythons
  4 giant cockroaches
  A goblin (D:2)
  9 hobgoblins
  4 jackals (D:2)
  2 quokkas
  11 bats
  8 frilled lizards
  12 kobolds
  10 rats
89 creatures vanquished.

Notes
Turn   | Place    | Note
-------+----------+-------------------------------------------
     0 | D:1      | nikopol the Hill Orc Fighter began the quest for the Orb.
     0 | D:1      | Reached XP level 1. HP: 19/19 MP: 1/1
    50 | D:1      | Reached XP level 2. HP: 21/27 MP: 2/2
   218 | D:1      | Reached XP level 3. HP: 30/33 MP: 3/3
   657 | D:2      | Reached XP level 4. HP: 24/40 MP: 4/4
  1171 | D:2      | Reached XP level 5. HP: 43/46 MP: 5/5
  1340 | D:3      | Noticed Terence
  1378 | D:2      | Killed Terence
  1535 | D:3      | Found a burning altar of Makhleb.
  1704 | D:3      | Reached skill level 1 in Dodging
  1704 | D:3      | Reached XP level 6. HP: 48/53 MP: 6/6
  1706 | D:3      | Noticed Jessica
  1710 | D:3      | Killed Jessica
  1803 | D:3      | Noticed Purgy
  1814 | D:3      | Killed Purgy
  2026 | D:3      | Noticed Sigmund
  2080 | D:3      | Killed Sigmund
  2080 | D:3      | Reached skill level 5 in Polearms
  2080 | D:3      | Reached skill level 5 in Shields
  2080 | D:3      | Reached XP level 7. HP: 37/60 MP: 7/7
  2364 | D:4      | Found a deep blue altar of Sif Muna.
  2429 | D:4      | Killed from afar by an orc wizard

Vault maps used:
D:1:      elethiomel_arrival_quiet, minmay_tetromino_l4
D:3:      overflow_temple_1_default, uniq_jessica, uniq_sigmund, uniq_purgy,
          uniq_terence
D:4:      lemuel_crystal_altar, old_standard_altar, minitemple,
          minmay_temple_entry_steel_oval, first_bread

Skill      XL: |  1  2  3  4  5  6 |
---------------+-------------------+-----
Fighting       | 4 |  4.8
Polearms       | 3 4 5 |  5.3
Shields        | 4 5 |  5.0
Armour         | 4 |  4.9
Dodging        | 1 |  1.6

Action                   |  1- 3 |  4- 6 |  7- 9 || total
-------------------------+-------+-------+-------++-------
Melee: Trident           |   119 |   262 |    13 ||   394
  Use: Potion            |       |     1 |       ||     1
  Eat: Chunk             |       |     5 |       ||     5
Armor: Scale mail        |    59 |   100 |     2 ||   161
Dodge: Dodged            |    23 |    75 |     2 ||   100
Block: Shield            |    55 |   136 |     2 ||   193

Table legend:
 A = Spawn XP
 B = Non-spawn XP
 C = Spawn XP percentage of total XP
 D = Spawn monster count
 E = Non-spawn monster count
 F = Spawn count percentage of total count
 G = Total turns spent on level
                    A         B        C        D         E        F      G
               +---------+---------+-------+---------+---------+-------+---------
         Total |       0 |     780 |   0.0 |       0 |      89 |   0.0 |  2429
               +---------+---------+-------+---------+---------+-------+---------
           D:1 |       0 |      47 |   0.0 |       0 |      22 |   0.0 |   417
           D:2 |       0 |     176 |   0.0 |       0 |      35 |   0.0 |  1031
           D:3 |       0 |     550 |   0.0 |       0 |      29 |   0.0 |   912
           D:4 |       0 |       7 |   0.0 |       0 |       3 |   0.0 |    69
               +---------+---------+-------+---------+---------+-------+---------
